 Dungeon Crawl Stone Soup version 0.28.0-53-g5a82cb258f (webtiles) character file.

Game seed: 14083531336735865152

4508 Faeu the Basher (level 10, 0/96 HPs)
             Began as a Pale Draconian Berserker on May 30, 2022.
             Was an Elder of Trog.
             Slain by a vampire (5 damage)
             ... on level 9 of the Dungeon.
             The game lasted 00:30:37 (10534 turns).

Faeu the Basher (Pale Draconian Berserker)         Turns: 10534, Time: 00:30:37

Health: 0/96       AC: 11    Str: 24    XL:     10   Next: 16%
Magic:  0/10       EV: 12    Int:  8    God:    Trog [****..]
Gold:   463        SH:  0    Dex: 10    Spells: 9/9 levels left

rFire   + . .      SeeInvis .   e - +2 dagger (venom) {short}
rCold   . . .      Faith    .   (no shield)
rNeg    . . .      Spirit   +   (armour unavailable)
rPois   .          Reflect  .   (helmet restricted)
rElec   .          Harm     .   F - +2 cloak
rCorr   .          Rampage  .   l - +0 pair of gloves
Will    .....                   (no boots)
Stlth   +.........              r - amulet of guardian spirit
HPRegen 0.26/turn               G - ring of flight
MPRegen 0.12/turn               D - ring of protection from fire

@: on berserk cooldown, flying
A: breathe steam, AC +7, unfitting armour, cold-blooded, steam resistance, big
wings, sense surroundings 1, evolution 1
a: Breathe Steam, Renounce Religion, Berserk, Trog's Hand, Brothers in Arms


You were on level 9 of the Dungeon.
You worshipped Trog.
Trog was greatly pleased with you.
You visited 1 branch of the dungeon, and saw 10 of its levels.

You collected 463 gold pieces.


Innate Abilities, Weirdness & Mutations

You can breathe blasts of scalding, opaque steam.
Your pale cyan-grey scales are hard. (AC +7)
You cannot fit into any form of body armour.
You are cold-blooded and may be slowed by cold attacks.
You are immune to the effects of steam.
Your large and strong wings let you fly.
You passively map a small area around you.
You have hidden genetic potential.


   Skills:
 - Level 11.3 Fighting
 + Level 11.5 Maces & Flails
 - Level 2.6 Dodging


You had 9 spell levels left.
You didn't know any spells.
Your spell library contained the following spells:

 Spells                   Type           Power      Damage    Failure   Level
 Shock                    Conj/Air       0%         1d3       41%         1
 Dazzling Flash           Conj/Hex       0%         N/A       78%         3
 Swiftness                Air            0%         N/A       78%         3
 Airstrike                Air            0%         N/A       99%         4
 Iskenderun's Mystic Bla  Conj/Tloc      0%         2d3       99%         4
 Fireball                 Conj/Fire      0%         3d3       100%        5
 Iskenderun's Battlesphe  Conj           0%         2d6       100%        5
 Conjure Ball Lightning   Conj/Air       0%         3x3d6     100%        6
 Starburst                Conj/Fire      0%         6d3       100%        6
 Orb of Destruction       Conj           0%         9d5       100%        7

Inventory:

Hand Weapons
 a - a +0 mace {mace}
 e - a +2 dagger of venom (weapon) {short}
   (You took it off a goblin on level 1 of the Dungeon)
 K - a +0 great mace {mace}
   (You took it off a two-headed ogre on level 8 of the Dungeon)
 M - a +3 hand axe {axe}
   (You took it off a wight on level 9 of the Dungeon)
 N - a +4 dagger {short}
   (You took it off an orc on level 9 of the Dungeon)
Missiles
 c - 158 stones {throwing}
 d - 63 sling bullets
 f - 117 bolts
 g - 4 curare-tipped darts {=fthrowing}
 p - 51 arrows
 B - 17 poisoned darts {throwing}
 J - 6 javelins {throwing}
 O - 2 boomerangs {throwing}
Armour
 l - a +0 pair of gloves (worn)
   (You found it on level 2 of the Dungeon)
 F - a +2 cloak (worn)
   (You found it on level 8 of the Dungeon)
Magical Staves
 y - a staff of air {forbidden!astaff}
   (You found it on level 6 of the Dungeon)
Jewellery
 r - an amulet of guardian spirit (around neck)
   (You found it on level 4 of the Dungeon)
 A - an amulet of the acrobat
   (You found it on level 6 of the Dungeon)
 D - a ring of protection from fire (right hand)
   (You found it on level 7 of the Dungeon)
 G - a ring of flight (left hand)
   (You found it on level 8 of the Dungeon)
Wands
 E - a wand of iceblast (12)
   (You found it on level 8 of the Dungeon)
 H - a wand of flame (28)
   (You found it on level 8 of the Dungeon)
Scrolls
 b - 2 scrolls of blinking {unknown}
 h - 2 scrolls of immolation {unknown}
 i - a scroll of noise {unknown}
 j - 2 scrolls of fog {unknown}
 n - a scroll of brand weapon {unknown}
 o - 3 scrolls of teleportation {unknown}
 s - 5 scrolls of identify {unknown}
 t - 5 scrolls of vulnerability {unknown}
 u - 2 scrolls of torment {unknown}
 w - a scroll of magic mapping {unknown}
 C - 2 scrolls of holy word {unknown}
 L - a scroll of enchant armour {unknown}
Potions
 m - 2 potions of magic
 q - a potion of mutation {!q}
 v - 4 potions of might
 x - a potion of attraction {!q}
 Q - a potion of curing {unknown}

Dungeon Overview and Level Annotations

Branches:
Dungeon (10/15)            Temple (0/1) D:7            Lair (0/6) D:8
    Orc (0/2) D:9

Altars:
Hepliaklqana
Nemelex Xobeh
The Shining One

Shops:
D:1 [   D:2 *   D:10 !

Annotations:
D:3 Sigmund
D:10 Dune's ghost, novice MiBe

#############
#...........# ######
#.......>...####.....
#...........'.##.....
#...........#......<.
#...).......####.....
#...........# #.....
#...V>......# #.....
#...@.......# #.....
##########'## ##.###
#.....# #...#
#####'##### ###..
#.........##########
#.........#.........
#.........#.....[...
#.........#.........
#.).......).)))...>.


You could see a vampire.


Message History

You take 6 damage, and now have 43/144 hp.
You lost 1 mp, and now have 6/10 mp.
You barely miss something. Something hits you but does no damage.
Something bites you.
* * * LOW HITPOINT WARNING * * *
Something draws strength from your injuries!
You hit something but do no damage.
Your tail-slap misses something.
You hit something.
Your tail-slap misses something.
Something hits you.
* * * LOW HITPOINT WARNING * * *
Something bites you but does no damage. 😨 HP[-5] MP[-1]
You take 5 damage, and now have 38/144 hp.
You lost 1 mp, and now have 5/10 mp.
You puncture something!
Your tail-slap misses something.
You hit something. Something hits you!
* * * LOW HITPOINT WARNING * * *
Something bites you.
* * * LOW HITPOINT WARNING * * *
Something draws strength from your injuries! 😱 HP[-11] MP[-1]
You take 11 damage, and now have 27/144 hp.
You lost 1 mp, and now have 4/10 mp.
You barely miss something. Something draws life force from you!
* * * LOW HITPOINT WARNING * * *
😱 HP[-9] MP[-1]
You take 9 damage, and now have 18/144 hp.
You lost 1 mp, and now have 3/10 mp.
You hit something. You hit something.
Your tail-slap misses something.
You hear some strange, mumbled words.
You are confused.
You are too berserk!
You're too confused to move!
Something hits you but does no damage.
Something bites you but does no damage. 😱 MP[+1]
You feel a strong urge to attack something.
You are no longer berserk.
You are exhausted.
You feel yourself slow down. 😱 HP[-6]
You now have 96 max hp (-48).
It was a potion of magic.
Magic courses through your body. Something hits you but does no damage.
Something bites you.
* * * LOW HITPOINT WARNING * * *
Something draws strength from your injuries! 😱 HP[-1] MP[+5]
You take 1 damage, and now have 11/96 hp.
You regained 5 mp, and now have 9/10 mp.
It was a potion of mutation.
You feel extremely strange.
You feel a strange attunement to the structure of the dungeons.
Your wings grow larger and stronger.
You feel a hidden potential growing inside you.
Something hits you but does no damage. Something bites you.
* * * LOW HITPOINT WARNING * * *
Something draws strength from your injuries! 😱 HP[-3] MP[-2]
You take 3 damage, and now have 8/96 hp.
You lost 2 mp, and now have 7/10 mp.
It was a potion of attraction.
You feel attractive to monsters. Something hits you!
* * * LOW HITPOINT WARNING * * *
Something bites you but does no damage. Something hits you but does no damage.
Something bites you but does no damage. 😱 HP[-3] MP[-4]
You take 3 damage, and now have 5/96 hp.
You lost 4 mp, and now have 3/10 mp.
It was a potion of haste.
You feel yourself speed up.
You feel less confused. Something hits you.
* * * LOW HITPOINT WARNING * * *
Something bites you but does no damage. 😱 HP[-3] MP[-1]
You take 3 damage, and now have 2/96 hp.
You lost 1 mp, and now have 2/10 mp.
It was a potion of ambrosia.
You are confused.
You feel invigorated. Something hits you but does no damage.
Something bites you.
* * * LOW HITPOINT WARNING * * *
Something draws strength from your injuries! 😱 HP[+2] MP[+1]
You regained 2 hp, and now have 4/96 hp.
It was a potion of cancellation.
Your magical effects are unravelling.
You feel magically purged.
You feel less invigorated.
You feel yourself speed up.
You feel yourself slow down.
You feel less confused.
A vampire appears from thin air!
Reactivating autopickup.
The vampire hits you!
* * * LOW HITPOINT WARNING * * *
The vampire bites you but does no damage.
You feel less attractive to monsters. 😱 MP[+1] It was a potion of flight.
You feel more buoyant. The vampire hits you!
You die...

Skill      XL: |  1  2  3  4  5  6  7  8  9 10 |
---------------+-------------------------------+-----
Fighting       | 4 5 6 7 9 11 | 11.3
Maces & Flails | 4 5 6 7 8 10 11 | 11.5
Dodging        | |  2.6

Action                   |  1- 3 |  4- 6 |  7- 9 | 10-12 || total
-------------------------+-------+-------+-------+-------++-------
Melee: Mace              |    27 |       |       |       ||    27
       Tailslap          |     6 |    31 |    40 |     8 ||    85
       Punch             |     2 |     4 |     3 |       ||     9
       Dagger            |    68 |   152 |   288 |    63 ||   571
       Great mace        |       |       |    47 |       ||    47
Throw: Dart              |       |     1 |       |       ||     1
Invok: Berserk           |     1 |     4 |     5 |     2 ||    12
 Abil: Breathe Steam     |       |       |     9 |     1 ||    10
  Use: Potion            |       |       |       |     7 ||     7
Armor: Skin              |    28 |    45 |   152 |    50 ||   275
Dodge: Dodged            |    64 |   110 |   227 |    33 ||   434

Levels and vault maps discovered:
D:1:      wander_arrival_fairy_ring, layout_basic,
          hellmonk_ecumenical_altar_arch_garden, serial_shops,
          nicolae_shop_hallway_plus
D:2:      cheibrodos_fertilizer, layout_rooms, serial_shops,
          nicolae_shop_overgrown_old_shop, grunt_ministairs_14, hex_medium,
          serial_bayou_lake_a
D:3:      layout_basic, serial_shops, nicolae_shop_overgrown_old_shop,
          pf_guarded_unrand_meek, uniq_sigmund, uniq_jessica
D:4:      layout_basic, roderic_roman_lattice, wad_floor_pattern_2
D:5:      layout_gridville, nicolae_tso_swordbearing_angel
D:6:      layout_gridville, mainiacjoe_overflow_catwalk_spiral, uniq_eustachio
D:7:      layout_gridville, minmay_temple_entry_junction, minivault_26,
          amcnicky_mini_corridor_feature, hangedman_decor_riveting,
          nicolae_specific_store, minivault_24
D:8:      layout_basic, david_lair_generic, serial_rivers,
          chequers_serial_rivers_micro_c, chequers_serial_rivers_micro_b,
          chequers_serial_rivers_micro_e, chequers_serial_rivers_room_b
D:9:      layout_roguey, erik_orc_1, corexii_corridor_pit
D:10:     layout_gridville, evilmike_ruin_ashenzari, serial_shops,
          nicolae_shop_temple_entry_statues_fountains,
          muffindrake_ghost_dual_entry, minmay_fire_ice_demons, uniq_maggie

Notes
Turn   | Place    | Note
-------+----------+-------------------------------------------
     0 | D:1      | Faeu the Draconian Berserker began the quest for the Orb.
     0 | D:1      | Reached XP level 1. HP: 19/19 MP: 1/1
     0 | D:1      | magus.rc [v1.9.6]
    25 | D:1      | Found a faded altar of an unknown god.
    88 | D:1      | Found Cupod's Antique Armour Shoppe.
   385 | D:1      | Reached XP level 2. HP: 22/26 MP: 2/2
  1345 | D:2      | Reached skill level 4 in Fighting
  1345 | D:2      | Reached XP level 3. HP: 33/33 MP: 3/3
  1453 | D:2      | Reached ** piety under Trog
  1749 | D:2      | Reached skill level 4 in Maces & Flails
  1758 | D:2      | HP: 12/51 [gnoll/+0 spear (3)]
  1762 | D:2      | HP: 5/51 [gnoll/+0 spear (2)]
  1763 | D:2      | Reached XP level 4. HP: 6/41 MP: 4/4
  1768 | D:2      | HP: 2/61 [gnoll/+0 spear (3)]
  2426 | D:2      | Found Bolab's Assorted Antiques.
  2632 | D:2      | Reached skill level 5 in Fighting
  2632 | D:2      | Reached XP level 5. HP: 20/48 MP: 5/5
  2642 | D:2      | HP: 11/48 [frozen (5)]
  3043 | D:3      | Noticed Sigmund
  3171 | D:4      | Noticed an ogre
  3180 | D:4      | Killed an ogre
  3181 | D:4      | Reached skill level 5 in Maces & Flails
  3181 | D:4      | Reached XP level 6. HP: 57/57 MP: 6/6
  3268 | D:4      | You pick up a book of Air {forbidden} and begin reading...
  3268 | D:4      | You add the spells Shock, Swiftness and Airstrike to your
                  | library.
  3438 | D:4      | HP: 12/57 [hornet zombie (6)]
  3442 | D:4      | Reached skill level 6 in Fighting
  4318 | D:5      | Entered Level 5 of the Dungeon
  4339 | D:5      | Reached skill level 6 in Maces & Flails
  4505 | D:5      | Your scales start taking on a pale cyan-grey colour.
  4505 | D:5      | Reached XP level 7. HP: 64/64 MP: 7/7
  4505 | D:5      | Gained mutation: You are immune to the effects of steam.
                  | [Pale Draconian growth]
  4889 | D:5      | Reached skill level 7 in Fighting
  5442 | D:5      | Found a glowing golden altar of the Shining One.
  5565 | D:6      | Noticed Eustachio
  5574 | D:6      | Killed Eustachio
  5812 | D:6      | Reached skill level 7 in Maces & Flails
  6125 | D:6      | Reached XP level 8. HP: 63/74 MP: 8/8
  6246 | D:6      | Found a sparkling altar of Nemelex Xobeh.
  6247 | D:6      | You pick up a book of Spectacle {forbidden} and begin
                  | reading...
  6247 | D:6      | You add the spells Dazzling Flash, Iskenderun's Mystic
                  | Blast and Starburst to your library.
  6262 | D:6      | Found a hazy altar of Hepliaklqana.
  6279 | D:6      | Reached skill level 8 in Fighting
  6750 | D:7      | Found a staircase to the Ecumenical Temple.
  6960 | D:8      | Reached skill level 8 in Maces & Flails
  7274 | D:8      | Reached *** piety under Trog
  7418 | D:8      | Reached skill level 9 in Fighting
  7771 | D:8      | Noticed an elephant
  7788 | D:8      | Reached XP level 9. HP: 35/85 MP: 3/9
  7792 | D:8      | Reached skill level 9 in Maces & Flails
  7796 | D:8      | HP: 22/127 [elephant (11)]
  7800 | D:8      | Killed an elephant
  7801 | D:8      | Reached skill level 10 in Fighting
  8250 | D:8      | Found a staircase to the Lair.
  8266 | D:8      | Identified the +5 scale mail "Kemos" {Rampage *Corrode
                  | rPois}
  8899 | D:9      | You pick up a book of the Spheres {forbidden} and begin
                  | reading...
  8899 | D:9      | You add the spells Iskenderun's Battlesphere, Fireball,
                  | Conjure Ball Lightning and Orb of Destruction to your
                  | library.
  9104 | D:9      | Noticed a two-headed ogre
  9119 | D:8      | Killed a two-headed ogre
  9120 | D:8      | Reached skill level 11 in Fighting
  9120 | D:8      | Reached skill level 10 in Maces & Flails
  9622 | D:9      | Reached **** piety under Trog
  9642 | D:9      | Reached XP level 10. HP: 86/96 MP: 10/10
  9662 | D:9      | Reached skill level 11 in Maces & Flails
  9673 | D:9      | Found a staircase to the Orcish Mines.
 10123 | D:9      | Noticed a manticore
 10131 | D:9      | Killed a manticore
 10437 | D:10     | Entered Level 10 of the Dungeon
 10472 | D:10     | Noticed a lich
 10472 | D:10     | Noticed Dune's ghost (novice MiBe)
 10473 | D:10     | Noticed a flayed ghost
 10475 | D:10     | Noticed a stone giant
 10489 | D:10     | Found Aqegg's Distillery.
 10522 | D:9      | HP: 30/144 [something (8)]
 10528 | D:9      | HP: 11/96 [something (2)]
 10529 | D:9      | Gained mutation: You passively map a small area around you.
                  | [potion of mutation]
 10529 | D:9      | Gained mutation: Your large and strong wings let you fly.
                  | [potion of mutation]
 10529 | D:9      | Gained mutation: You have hidden genetic potential. [potion
                  | of mutation]
 10530 | D:9      | HP: 5/96 [something (3)]
 10531 | D:9      | HP: 2/96 [something (4)]
 10534 | D:9      | Slain by a vampire

Vanquished Creatures
  A two-headed ogre (D:8)
  An elephant (D:8)
  A manticore (D:9)
  2 wyverns
  Eustachio (D:6)
  A basilisk (D:8)
  A swamp drake (D:9)
  3 orc warriors
  A hornet zombie (D:4)
  A black bear (D:8)
  An ice beast (D:6)
  4 ogres
  2 kobold brigands
  A bullfrog (D:8)
  A scorpion (D:4)
  A water moccasin skeleton (D:6)
  3 killer bees
  3 wights (D:9)
  2 howler monkeys
  A bullfrog zombie (D:5)
  A centaur zombie (D:9)
  3 hounds
  4 orc priests
  A centaur skeleton (D:5)
  A jelly (D:2)
  3 iguanas (D:6)
  13 orc wizards
  2 hound skeletons
  A howler monkey zombie (D:9)
  3 gnolls (D:2)
  A howler monkey skeleton (D:6)
  6 adders
  A white imp (D:7)
  2 dart slugs
  22 orcs
  A bat (D:2)
  13 endoplasms
  A giant cockroach (D:3)
  8 goblins
  4 hobgoblins
  3 quokkas
  8 ball pythons
  A frilled lizard (D:1)
  19 kobolds
  6 rats
160 creatures vanquished.

Vanquished Creatures (others)
  An orc (D:9)
  20 plants (D:2)
  10 toadstools (D:2)
31 creatures vanquished.

Grand Total: 191 creatures vanquished

Table legend:
 A = Non-vault XP
 B = Vault XP
 C = Vault XP percentage of total XP
 D = Non-vault monster count
 E = Vault monster count
 F = Vault count percentage of total count
                 A         B        C        D         E       F
            +---------+---------+-------+---------+---------+-------
      Total |    4549 |    1892 |  29.4 |     122 |      38 |  23.8
            +---------+---------+-------+---------+---------+-------
        D:1 |      24 |       0 |   0.0 |      17 |       0 |   0.0
        D:2 |     123 |      68 |  35.6 |      19 |      17 |  47.2
        D:3 |      45 |       0 |   0.0 |       5 |       0 |   0.0
        D:4 |     372 |       0 |   0.0 |      14 |       0 |   0.0
        D:5 |     319 |       0 |   0.0 |      11 |       0 |   0.0
        D:6 |     525 |     191 |  26.7 |       9 |       1 |  10.0
        D:7 |     266 |       0 |   0.0 |       3 |       0 |   0.0
        D:8 |    1712 |    1083 |  38.7 |      21 |       4 |  16.0
        D:9 |    1163 |     550 |  32.1 |      23 |      16 |  41.0
            +---------+---------+-------+---------+---------+-------

Illustrated notes

Table legend:
 A = Kills in this place as a percentage of kills in entire the game.
 B = Kills by you in this place as a percentage of kills by you in the entire game.
 C = Kills by friends in this place as a percentage of kills by friends in the entire game.
 D = Other kills in this place as a percentage of other kills in the entire game.
 E = Experience gained in this place as a percentage of experience gained in the entire game.
 F = Experience gained in this place divided by the number of levels of this place that you have seen.
                   A       B       C       D       E      F
               +-------+-------+-------+-------+-------+----------------------
         Total | 100.0 | 100.0 |   N/A |   N/A | 100.0 | 644.1
       Dungeon | 100.0 | 100.0 |   N/A |   N/A | 100.0 | 644.1
               +-------+-------+-------+-------+-------+----------------------

Table legend: (Time is in decaauts)
 A = Elapsed time spent in this place.
 B = Non-inter-level travel time spent in this place.
 C = Inter-level travel time spent in this place.
 D = Time resting spent in this place.
 E = Time spent auto-exploring this place.
 F = Levels seen in this place.
 G = Mean time per level.
                   A        B        C        D        E       F      G
               +--------+--------+--------+--------+--------+-----+--------+
         Total |  10699 |  10502 |    197 |   2710 |   5320 |  10 | 1069.9 |
       Dungeon |  10699 |  10502 |    197 |   2710 |   5320 |  10 | 1069.9 |
               +--------+--------+--------+--------+--------+-----+--------+

Top non-repeatable levels by time:
     D:8: 2004 daAuts
     D:2: 1790 daAuts
     D:9: 1549 daAuts
     D:6: 1402 daAuts
     D:4: 1301 daAuts
     D:1: 1265 daAuts
     D:5: 1164 daAuts
     D:3: 79 daAuts
     D:7: 77 daAuts
    D:10: 62 daAuts
